 Dungeon Crawl Stone Soup version 0.28-a0-413-gde365fb1df (webtiles) character file.

Game seed: 6344568942262974788

138 willcat the Sneak (level 5, 0/31 HPs)
             Began as a Deep Elf Delver on Sept 7, 2021.
             Killed from afar by an orc wizard (12 damage)
             ... with a puff of flame
             ... on level 6 of the Dungeon.
             The game lasted 00:01:57 (702 turns).

willcat the Sneak (Deep Elf Delver)                  Turns: 702, Time: 00:01:58

Health: 0/31       AC:  3    Str: 15    XL:     5   Next: 1%
Magic:  13/13      EV: 12    Int: 16    God:
Gold:   34         SH:  0    Dex: 16    Spells: 7/12 levels left

rFire   . . .      SeeInvis .   h - +0 rapier
rCold   . . .      Faith    .   (no shield)
rNeg    . . .      Spirit   .   b - +0 leather armour
rPois   .          Reflect  .   (no helmet)
rElec   .          Harm     .   (no cloak)
rCorr   .          Rampage  .   (no gloves)
Will    .....                   (no boots)
Stlth   +++.......              (no amulet)
HPRegen 0.10/turn               i - +6 ring of strength
MPRegen 0.13/turn               f - ring of flight

@: flying
A: no striking features
a: no special abilities


You were on level 6 of the Dungeon.
You visited 1 branch of the dungeon, and saw 2 of its levels.

You collected 34 gold pieces.

Inventory:

Hand Weapons
 a - a +0 short sword
 h - a +0 rapier (weapon)
Armour
 b - a +0 leather armour (worn)
Jewellery
 f - a ring of flight (right hand)
 i - a +6 ring of strength (left hand)
Scrolls
 c - a scroll of fog
 d - a scroll of magic mapping
 g - a scroll of enchant weapon {unknown}
Potions
 e - a potion of curing {unknown}


   Skills:
 - Level 2.4 Fighting
 + Level 3.9 Short Blades
 - Level 2.4 Dodging
 - Level 6.0 Stealth
 + Level 4.2 Spellcasting
 + Level 0.0 Conjurations
 + Level 0.0 Transmutations


You had 7 spell levels left.
You knew the following spells:

 Your Spells              Type           Power      Damage    Failure   Level
a - Irradiate             Conj/Tmut      1%         3d13      99%         5

Your spell library contained the following spells:

 Spells                   Type           Power      Damage    Failure   Level
 Blade Hands              Tmut           1%         N/A       99%         5
 Dragon Form              Tmut           1%         N/A       100%        7


Dungeon Overview and Level Annotations

Branches:
Dungeon (6/15)
 Temple: D:4-7

Altars:


Message History

You have reached level 5!
You now have 14 gold pieces (gained 8).
You now have 34 gold pieces (gained 20).
Okay, then.
This spell is potentially lethal to cast!
Memorise Irradiate, consuming 5 spell levels and leaving 7?
You start memorising the spell.
You continue memorising. x5
You finish memorising.
Spell assigned to 'a'.
Unknown command.
Found a stone staircase leading down.
There is a stone staircase leading down here.
g - a scroll labelled DEYSOXTIXUM An orc comes into view.
It is wielding a +0 mace.
An orc wizard comes into view. It is wielding a +0 dagger.
Found a long runed staff.
An orc comes into view. It is wielding a +0 hand axe.
The orc shouts! x2; The orc wizard shouts!
You puncture the orc!
The orc is almost dead.
You barely miss the orc wizard. You hit the orc wizard.
The orc wizard is lightly wounded.
The orc wizard gestures at you while chanting.
You are confused.
You are too confused!
The orc closely misses you.
The orc wizard points at you and mumbles some strange words.
You resist with some effort.
You bump into the rock wall.
Unknown command.
The orc hits you with a +0 hand axe.
You hit the orc.
The orc is severely wounded.
You feel less confused. The orc hits you with a +0 hand axe.
The orc wizard barely misses you. The orc wizard casts a spell at you.
The magic dart hits you!
The orc wizard points at you and mumbles some strange words.
The puff of flame hits you!
You die...

###.##........# #...
#.............# #...
#.#.##........# #...
#.#.##........############...
#.#.###..................+...
#.#.###############......#...
#.#>........................#
#.#######.....#####......##.#
#. #...@.# #......##.#
#...o.# #......##.# #...o.#
#########.# #o....# #.. .♣♣
#.....# ##. ....#####.....# .
#.........#+###
#.........#.###
#..............#


You could see an orc wizard and 2 orcs.

Vanquished Creatures
  An ice beast (D:6)
  An iguana (D:6)
  2 gnolls (D:6)
4 creatures vanquished.

Notes
Turn   | Place    | Note
-------+----------+-------------------------------------------
     0 | D:5      | willcat the Deep Elf Delver began the quest for the Orb.
     0 | D:5      | Reached XP level 1. HP: 13/13 MP: 3/3
    84 | D:5      | Noticed an ogre
   117 | D:6      | Noticed an ice beast
   122 | D:6      | Noticed a black bear
   179 | D:6      | Reached skill level 1 in Spellcasting
   179 | D:6      | Reached XP level 2. HP: 18/18 MP: 3/6
   500 | D:6      | Noticed an ice beast
   506 | D:6      | Killed an ice beast
   507 | D:6      | Reached XP level 3. HP: 19/22 MP: 7/10
   507 | D:6      | Reached XP level 4. HP: 23/27 MP: 8/12
   645 | D:6      | Reached XP level 5. HP: 31/31 MP: 13/13
   664 | D:6      | Learned a level 5 spell: Irradiate
   702 | D:6      | Killed from afar by an orc wizard

Illustrated notes

Levels and vault maps discovered:
D:5:      layout_rooms, hangedman_abyss_or_decor_passed, st_stairs_14,
          minmay_fountain_box
D:6:      layout_basic, chequers_mini_garden, minmay_misc_feat_roman

Skill      XL: |  1  2 |
---------------+-------+-----
Spellcasting   | 1 4 |  4.2
Short Blades   | 3 |  3.9
Fighting       | |  2.4
Dodging        | |  2.4
Stealth        | |  6.0

Action                   |  1- 3 |  4- 6 || total
-------------------------+-------+-------++-------
Melee: Rapier            |    15 |     5 ||    20
Evoke: Wand              |     3 |       ||     3
  Use: Potion            |     1 |       ||     1
       Scroll            |     1 |       ||     1
 Stab: Sleeping          |     1 |     1 ||     2
Armor: Leather armour    |     1 |       ||     1
Dodge: Dodged            |    18 |     2 ||    20

Table legend: (Time is in decaauts)
 A = Elapsed time spent in this place.
 B = Non-inter-level travel time spent in this place.
 C = Inter-level travel time spent in this place.
 D = Time resting spent in this place.
 E = Time spent auto-exploring this place.
 F = Levels seen in this place.
 G = Mean time per level.
                   A        B        C        D        E       F      G
               +--------+--------+--------+--------+--------+-----+--------+
         Total |    685 |    685 |      0 |    161 |    254 |   2 |  342.5 |
       Dungeon |    685 |    685 |      0 |    161 |    254 |   2 |  342.5 |
               +--------+--------+--------+--------+--------+-----+--------+

Top non-repeatable levels by time:
     D:6: 569 daAuts
     D:5: 116 daAuts
